Map: Orbital Shipyard

Players

Namshar - Winner!

  • Race: Zerg Zerg
  • League: Grandmaster

hydra

  • Race: Zerg Zerg

Event: DreamHack ZOWIE Open Leipzig

VOD

Have the link to the VOD?

Description

Time

  • Played on: Jan. 22, 2016, 12:10 p.m.
  • Length: 19:54

All games in this series

Show
View Real Time Build Order
Export as new Build Order

Namshar Zerg - Winner!

Build Orders: Hatch First, Lurkers 

Get SALT Encoding   

  12  0:00  Drone  
  13  0:08  Drone  
  14  0:16  Overlord  
  14  0:22  Extractor  
  14  0:23  Drone  
  15  0:35  Drone x2  
  17  0:52  Hatchery  
  17  0:54  Drone  
  17  0:57  Drone  
  18  1:08  Extractor  
  17  1:12  Spawning Pool  
  17  1:15  Drone  
  17  1:18  Drone  
  18  1:26  Drone  
  19  1:37  Overlord  
  19  1:59  Queen  
  19  2:00  Zergling x4  
  23  2:03  Queen  
  23  2:04  Zergling x2  
  23  2:05  Baneling Nest  
  21  2:37  Drone x3  
  21  2:38  Drone x2  
  26  2:45  Drone  
  27  2:56  Drone  
  28  2:59  Drone  
  28  3:04  Overlord  
  29  3:11  Drone x2  
  31  3:13  Overlord  
  31  3:18  Drone  
  31  3:19  Drone  
  33  3:23  Drone  
  34  3:29  Drone x3  
  37  3:34  Drone x2  
  37  3:37  Drone  
  40  3:41  Roach Warren  
  40  3:43  Evolution Chamber  
  40  3:45  Drone x2  
  40  3:47  Drone  
  41  3:50  Drone  
  42  3:56  Drone x2, Extractor  
  42  3:57  Drone  
  42  4:01  Drone  
  45  4:04  Overlord  
  45  4:12  Zerg Missile Weapons Level 1  
  45  4:14  Overlord  
  45  4:21  Drone x2  
  45  4:23  Hatchery  
  46  4:30  Extractor  
  44  4:31  Drone x2  
  44  4:32  Drone  
  47  4:39  Lair  
  47  4:45  Overlord  
  45  4:46  Roach x3  
  45  4:48  Roach  
  45  4:52  Roach  
  55  4:53  Roach  
  55  4:56  Overlord  
  55  4:59  Drone  
  58  5:00  Roach  
  58  5:04  Roach  
  58  5:05  Roach  
  64  5:07  Overlord  
  64  5:10  Roach  
  64  5:13  Overlord  
  66  5:18  Roach  
  66  5:19  Roach  
  70  5:22  Overlord  
  70  5:26  Roach  
  70  5:27  Roach  
  74  5:30  Roach  
  74  5:46  Roach  
  74  5:47  Roach x4  
  74  5:54  Roach x3, Zergling x8  
  76  5:57  Roach  
  76  6:01  Roach  
  75  6:08  Roach x2  
  77  6:18  Drone x3  
  74  6:19  Glial Reconstitution  
  74  6:25  Queen  
  72  6:26  Drone x3  
  72  6:28  Drone  
  72  6:31  Zerg Missile Weapons Level 2  
  72  6:32  Drone  
  79  6:36  Drone  
  80  6:43  Drone x2  
  82  6:47  Drone  
  82  6:49  Drone x3, Overseer  
  82  6:52  Drone x3  
  82  6:53  Drone  
  90  6:55  Overlord  
  89  7:06  Drone  
  89  7:07  Extractor  
  89  7:08  Drone x3  
  92  7:11  Extractor  
  92  7:12  Extractor  
  92  7:14  Drone  
  92  7:15  Spire  
  90  7:19  Drone x3  
  94  7:23  Hydralisk Den  
  94  7:26  Overlord  
  93  7:30  Overseer  
  93  7:35  Drone  
  93  7:36  Drone x2  
  96  7:39  Drone x2  
  96  7:44  Hatchery, Spore Crawler, Drone  
  96  7:46  Drone, Spore Crawler  
  96  7:47  Spore Crawler, Drone  
  96  7:50  Ravager  
  100  7:51  Ravager x3  
  100  7:53  Ravager x2  
  100  7:54  Roach x3  
  100  7:56  Overlord x2  
  109  7:59  Roach x2  
  109  8:05  Overlord  
  113  8:06  Overlord x2  
  113  8:07  Muscular Augments  
  113  8:14  Overlord x2  
  113  8:19  Hydralisk x4  
  113  8:22  Hydralisk  
  113  8:26  Hydralisk  
  125  8:31  Overlord x2  
  125  8:33  Hydralisk x2  
  129  8:37  Hydralisk  
  129  8:38  Hydralisk  
  133  8:46  Drone x3  
  133  8:47  Drone  
  137  8:49  Zerg Ground Armor Level 1  
  137  8:56  Drone, Queen  
  137  8:57  Drone  
  137  8:59  Ravager x2  
  137  9:00  Overlord x2  
  143  9:03  Hydralisk x2  
  147  9:11  Roach  
  147  9:12  Roach x4  
  156  9:19  Roach x4  
  164  9:24  Drone  
  164  9:27  Roach x4  
  164  9:28  Roach  
  175  9:37  Hydralisk  
  175  9:38  Hydralisk x3  
  179  9:44  Spore Crawler, Extractor x2  
  179  9:45  Drone x3  
  183  9:46  Drone x3  
  183  9:48  Drone  
  183  9:49  Ravager x2  
  189  9:54  Roach x4  
  197  10:03  Lurker Den  
  197  10:07  Spine Crawler  
  197  10:09  Drone, Roach  
  197  10:12  Overseer  
  199  10:14  Roach x4  
  199  10:15  Pneumatized Carapace  
  193  10:28  Ravager x2  
  193  10:29  Ravager x2  
  193  10:32  Roach x2  
  172  10:48  Roach x2  
  172  10:49  Roach x15  
  197  10:56  Roach  
  199  11:04  Ravager x3  
  193  11:05  Ravager  
  193  11:06  Roach  
  193  11:07  Roach x2  
  186  11:24  Roach x6  
  192  11:27  Extractor  
  192  11:28  Ravager  
  192  11:31  Overlord x2  
  192  11:32  Overlord x2  
  170  12:00  Zerg Ground Armor Level 2  
  155  12:01  Roach  
  155  12:02  Roach x11  
  172  12:09  Roach  
  172  12:10  Hydralisk, Roach x5  
  172  12:11  Hydralisk  
  186  12:18  Overseer x2  
  186  12:20  Roach x2  
  186  12:22  Drone x2  
  192  12:25  Queen  
  192  12:26  Queen  
  196  12:31  Drone  
  196  12:34  Hatchery, Ravager x2  
  196  12:35  Ravager  
  199  12:42  Hatchery  
  194  12:53  Roach x2  
  198  13:05  Ravager  
  193  13:06  Roach x3  
  175  13:23  Roach  
  175  13:24  Roach x15  
  156  13:29  Roach  
  156  13:30  Roach  
  145  13:36  Hydralisk x2  
  149  13:43  Drone x2  
  149  13:47  Overseer  
  149  13:48  Hydralisk x2  
  151  13:52  Hydralisk x2  
  151  13:54  Ravager x2  
  151  13:55  Ravager  
  162  13:56  Ravager  
  162  13:58  Hydralisk x2  
  162  13:59  Hydralisk  
  169  14:03  Lurker  
  169  14:04  Lurker x2  
  169  14:05  Hydralisk x3  
  169  14:06  Hydralisk  
  180  14:12  Drone  
  180  14:13  Drone x2  
  183  14:27  Hydralisk x3  
  184  14:40  Lurker x2  
  182  14:53  Hydralisk x2  
  182  14:54  Roach x6  
  196  15:10  Hydralisk x2  
  196  15:11  Roach  
  196  15:12  Roach x4  
  167  15:22  Roach x6  
  167  15:27  Hydralisk  
  129  16:08  Overseer x2  
  123  16:29  Overseer  
  123  16:42  Ravager x2  
  123  16:43  Ravager  
  123  16:44  Ravager x2  
  128  16:53  Roach  
  128  16:54  Roach x6  
  138  17:38  Ravager  
  138  17:39  Ravager x3  
  138  17:43  Hatchery  
  141  17:46  Roach x2  
  145  18:07  Drone x2  
  145  18:11  Roach x2  
  141  18:45  Ravager x2  
  141  18:48  Roach x4  
  91  19:17  Roach x5  
  71  19:27  Roach  
  71  19:28  Roach  
  71  19:32  Roach  
Show
View Real Time Build Order
Export as new Build Order

hydra Zerg 

Build Orders: Pool First 

Get SALT Encoding   

  12  0:18  Spawning Pool  
  11  0:21  Drone  
  11  0:27  Drone  
  13  0:31  Drone  
  14  0:40  Overlord  
  14  1:05  Queen, Zergling x6  
  19  1:16  Zergling x2  
  20  1:26  Zergling x2  
  20  1:32  Hatchery  
  20  1:37  Drone  
  21  1:48  Overlord  
  21  1:59  Drone  
  22  2:05  Queen  
  24  2:09  Drone  
  24  2:13  Drone  
  24  2:18  Drone  
  24  2:19  Drone  
  25  2:23  Drone  
  25  2:34  Drone  
  25  2:39  Extractor  
  25  2:42  Queen  
  26  2:45  Queen  
  26  2:46  Drone  
  26  2:48  Drone  
  26  2:50  Drone  
  31  2:54  Drone  
  31  2:56  Drone  
  33  3:01  Overlord  
  33  3:08  Drone  
  33  3:09  Drone  
  33  3:12  Drone  
  36  3:25  Roach Warren, Drone  
  36  3:26  Drone x2  
  38  3:28  Drone  
  38  3:30  Drone  
  40  3:34  Overlord  
  40  3:37  Drone  
  41  3:42  Metabolic Boost  
  41  3:46  Extractor  
  40  3:49  Overlord  
  40  3:52  Drone x2  
  40  3:53  Drone  
  43  4:01  Overlord  
  43  4:14  Overlord  
  43  4:16  Roach x2  
  43  4:17  Roach  
  49  4:23  Roach x2  
  53  4:28  Roach  
  55  4:33  Roach  
  57  4:40  Roach x2  
  61  4:46  Roach  
  61  4:51  Hatchery  
  62  4:55  Zergling x2  
  62  4:56  Zergling x12  
  69  5:02  Zergling x2  
  69  5:06  Lair  
  70  5:09  Overlord  
  70  5:11  Drone  
  70  5:12  Drone  
  70  5:14  Drone, Extractor  
  71  5:15  Drone  
  71  5:20  Evolution Chamber, Drone  
  73  5:25  Drone  
  73  5:26  Drone x2  
  73  5:27  Overlord  
  76  5:42  Roach x5  
  80  5:44  Drone  
  80  5:45  Drone  
  80  5:48  Zerg Missile Weapons Level 1  
  80  5:54  Drone  
  80  5:56  Drone  
  79  5:58  Drone  
  79  6:01  Drone  
  79  6:04  Drone x2  
  80  6:06  Drone  
  80  6:09  Glial Reconstitution  
  79  6:12  Drone  
  79  6:15  Drone  
  79  6:17  Drone  
  83  6:18  Drone  
  83  6:21  Drone  
  83  6:22  Drone  
  83  6:23  Drone  
  74  6:26  Extractor  
  74  6:27  Extractor  
  74  6:28  Roach x2  
  76  6:36  Drone  
  76  6:37  Drone  
  76  6:38  Overlord  
  76  6:39  Overlord x2  
  78  6:41  Roach  
  78  6:44  Roach x4  
  78  6:46  Roach x2  
  92  6:49  Roach  
  92  6:50  Roach  
  92  6:51  Overseer  
  96  6:55  Roach  
  96  6:59  Roach  
  102  7:01  Ravager x2  
  102  7:10  Ravager  
  102  7:14  Ravager  
  104  7:17  Drone x4  
  104  7:18  Drone  
  104  7:20  Extractor  
  108  7:23  Drone x4  
  108  7:25  Drone x4  
  108  7:29  Drone  
  117  7:31  Spire  
  117  7:32  Drone x2  
  118  7:41  Overlord x2  
  118  7:42  Overlord  
  118  7:45  Hatchery  
  118  7:50  Overlord x2  
  117  8:02  Extractor  
  117  8:04  Extractor  
  115  8:12  Zerg Missile Weapons Level 2  
  115  8:17  Roach x3  
  115  8:18  Roach x14  
  149  8:21  Roach  
  149  8:22  Roach  
  153  8:30  Roach  
  153  8:31  Roach x2  
  159  8:37  Overlord  
  159  8:46  Ravager  
  160  8:50  Overlord  
  160  8:56  Ravager x5  
  160  8:58  Roach x4  
  160  8:59  Roach  
  175  9:03  Hydralisk Den  
  175  9:04  Roach  
  176  9:11  Roach x4  
  182  9:20  Overlord x2  
  182  9:36  Hydralisk, Muscular Augments  
  184  9:39  Overlord, Hydralisk x6  
  184  9:40  Hydralisk x2  
  200  9:57  Spore Crawler  
  200  9:58  Spore Crawler x3  
  200  9:59  Spore Crawler x2  
  194  10:00  Spore Crawler x3  
  194  10:01  Spore Crawler x3, Baneling Nest  
  194  10:02  Ravager x6  
  202  10:26  Overlord  
  202  10:28  Zerg Ground Armor Level 1  
  188  10:47  Roach x11  
  200  10:51  Tunneling Claws  
  178  11:23  Roach  
  178  11:24  Roach x17  
  174  11:58  Hydralisk  
  174  11:59  Hydralisk x7  
  165  12:03  Roach  
  165  12:04  Roach x18  
  193  12:10  Roach x5  
  193  12:15  Burrow  
  194  12:18  Ravager x5  
  194  12:19  Ravager  
  200  12:25  Zerg Ground Armor Level 2  
  200  12:37  Hatchery  
  199  13:05  Roach x4  
  169  13:21  Roach  
  169  13:22  Roach x20  
  169  13:23  Roach  
  168  13:31  Roach x8  
  155  13:39  Ravager x6  
  155  13:40  Roach  
  155  13:41  Roach x2  
  167  13:47  Ravager x8  
  175  13:54  Roach x10  
  175  13:56  Drone  
  175  13:57  Roach x3  
  175  13:58  Roach  
  175  14:01  Ravager x3  
  187  14:04  Overseer  
  187  14:08  Roach x3  
  193  14:10  Overseer  
  193  14:15  Roach x11  
  193  14:16  Roach x3  
  199  14:37  Overlord x2  
  199  14:47  Roach x2  
  199  14:48  Roach x4  
  199  14:49  Roach x5  
  199  14:52  Roach  
  197  14:55  Overseer x2  
  197  14:58  Roach  
  197  15:03  Roach  
  186  15:15  Roach x8  
  186  15:19  Roach x3  
  197  15:26  Roach  
  197  15:27  Roach x15  
  180  15:31  Roach x4  
  180  15:32  Roach x2  
  168  15:43  Roach  
  168  15:44  Roach x5  
  168  15:48  Roach x11  
  153  15:50  Roach x15  
  146  15:58  Roach x8  
  146  16:03  Roach x2  
  150  16:05  Roach  
  150  16:06  Roach x2  
  130  16:15  Roach x2  
  119  16:50  Roach x4  
  119  17:03  Ravager x2  
  119  17:04  Ravager x14  
  119  17:06  Overseer  
  135  17:27  Roach x4  
  135  17:29  Roach x26  
  141  17:39  Roach  
  143  17:48  Roach x4  
  143  17:51  Roach  
  145  17:59  Overseer  
  145  18:33  Roach x32  
  143  18:42  Roach x3  
  133  19:11  Roach x2  
  75  19:19  Roach x3  

Tags
 
Add a new tag
Caveats
  • Supply blocks, unpowered buildings, or Contaminate may cause inaccurate times.
  • Supply counts are checked every 10 seconds.